 Dungeon Crawl Stone Soup version 0.25-a0-287-g56a5b49892 (webtiles) character file.

Game seed: 13688194111237239980, levelgen mode: deterministic

170 MoonlitKnight the Poker (level 5, 0/38 HPs)
             Began as a Merfolk Skald on Dec 12, 2019.
             Slain by a hound (5 damage)
             ... on level 3 of the Dungeon.
             The game lasted 00:08:41 (3292 turns).

MoonlitKnight the Poker (Merfolk Skald)             Turns: 3292, Time: 00:08:41

Health: 0/38       AC:  5    Str: 13    XL:     5   Next: 51%
Magic:  5/8        EV: 12    Int: 12    God:
Gold:   114        SH:  0    Dex: 13    Spells: 2/8 levels left

rFire    . . .     SeeInvis .   a - +0 spear
rCold    . . .     Gourm    .   (no shield)
rNeg     + . .     Faith    .   u - +0 ring mail
rPois    .         Spirit   .   (no helmet)
rElec    .         Reflect  .   (no cloak)
rCorr    .         Harm     .   (no gloves)
MR       .....                  (no boots)
Stlth    +.........             (no amulet)
HPRegen  0.12/turn              f - ring of flight
MPRegen  0.11/turn              h - ring of positive energy

@: very slightly contaminated
A: change form in water, swift swim, stealthy swim
a: Evoke Flight


You were on level 3 of the Dungeon.
You were very hungry.

You visited 1 branch of the dungeon, and saw 4 of its levels.

You collected 114 gold pieces.

Inventory:

Hand Weapons
 a - a +0 spear (weapon)
Missiles
 q - 2 poisoned darts
 s - 3 boomerangs (quivered)
Armour
 b - a +0 leather armour
 c - a +0 ring mail
 p - a +0 leather armour of positive energy
 u - a +0 ring mail (worn)
Jewellery
 f - a ring of flight (left hand)
 h - a ring of positive energy (right hand)
Scrolls
 g - a scroll of teleportation
 i - 2 scrolls of blinking
 j - 4 scrolls of identify {unknown}
 l - a scroll of amnesia
 n - a scroll of immolation {unknown}
 r - 5 scrolls of remove curse
 v - a scroll of magic mapping {unknown}
Potions
 e - a potion of flight {unknown}
 k - 2 potions of cancellation {unknown}
 m - a potion of brilliance
 o - 2 potions of curing
 t - a potion of ambrosia {unknown}
Comestibles
 d - 7 rations


   Skills:
 - Level 2.1 Fighting
 + Level 5.5 Polearms
 - Level 0.6 Armour
 + Level 4.0 Dodging
 - Level 2.0 Spellcasting
 + Level 4.9 Charms


You had 2 spell levels left.
You knew the following spells:

 Your Spells              Type           Power        Failure   Level  Hunger
a - Infusion              Chrm           ##..         8%          1    ##.....
b - Shroud of Golubria    Chrm/Tloc      #.....       32%         2    ###....
c - Spectral Weapon       Hex/Chrm       #.......     54%         3    ####...

Your spell library contained the following spells:

 Spells                   Type           Power        Failure   Level  Hunger
 Song of Slaying          Chrm           ##......     12%         2    ###....
 Regeneration             Chrm/Necr      #.........   54%         3    ####...


Dungeon Overview and Level Annotations

Branches:
Dungeon (4/15)
 Temple: D:4-7

Altars:
Wu Jian
Yredelemnul
The Shining One


Message History

Your shroud begins to fray at the edges.
The jackal misses you. The hound bites you but does no damage.
The hound bites you.
* * * LOW HITPOINT WARNING * * *
Your shroud falls apart!
You hit the hound.
The hound is almost dead.
The jackal barely misses you. The hound bites you.
* * * LOW HITPOINT WARNING * * *
The hound barely misses you.
You closely miss the hound.
The hound is almost dead.
The hound barely misses you. The jackal closely misses you.
The hound bites you but does no damage. The hound bites you.
* * * LOW HITPOINT WARNING * * *
The jackal bites you but does no damage.
You closely miss the hound.
The hound is almost dead.
The hound closely misses you. The hound bites you.
You die...

######## #.##............
#####......# #.#####.#....#..
....#.####.## #.#####.#.##.#).
###.#.......# #.......#.##.#..
###.#....#..##############.......
#.............).# ###...##
#.#.#...##..###)##### #...#
#.#.#.......##.)hh..# #...#
....#.......##..@...# #...#
#.############.h....#### #...#
#.##############.......# #...#
#.....#.....# #.#.###.#####...##
#####.#.....## #.#.##............
#.#......###.#...............
#.#......##.>................
#.#......##...<....#####....#
#.######.##........# ####.#


You could see 2 hounds and a jackal.

Vanquished Creatures
  A worker ant (D:3)
  3 adders
  4 gnolls (D:3)
  An ooze (D:1)
  2 worms
  A dart slug (D:3)
  3 leopard geckos
  3 orcs (D:3)
  2 ball pythons (D:2)
  8 bats
  3 giant cockroaches
  3 goblins
  10 hobgoblins
  4 jackals (D:2)
  4 kobolds
  2 frilled lizards
  A leopard gecko skeleton (D:2)
  7 rats
62 creatures vanquished.

Notes
Turn   | Place    | Note
-------+----------+-------------------------------------------
     0 | D:1      | MoonlitKnight the Merfolk Skald began the quest for the
                  | Orb.
     0 | D:1      | Reached XP level 1. HP: 16/16 MP: 3/3
    66 | D:1      | Reached XP level 2. HP: 12/22 MP: 5/5
   203 | D:1      | Learned a level 2 spell: Shroud of Golubria
   322 | D:1      | Found a glowing golden altar of the Shining One.
   903 | D:2      | Reached skill level 4 in Polearms
   903 | D:2      | Reached XP level 3. HP: 25/27 MP: 1/6
   955 | D:2      | Learned a level 3 spell: Spectral Weapon
  1614 | D:2      | Found a basalt altar of Yredelemnul.
  1618 | D:2      | Found an ornate altar of the Wu Jian Council.
  1763 | D:2      | Reached XP level 4. HP: 23/33 MP: 3/7
  2347 | D:3      | Reached skill level 5 in Polearms
  2347 | D:3      | Reached XP level 5. HP: 11/38 MP: 2/8
  3292 | D:3      | Slain by a hound

Levels and vault maps discovered:
D:1:      dpeg_arrival_line_fractal, layout_loops_ring, tso_metal_star
D:2:      layout_basic, lemuel_doored_altar, lemuel_crystal_altar
D:3:      layout_loops_cross, first_ration, grunt_ministairs_3
D:4:      kennysheep_big_flooded_room, layout_basic,
          lemuel_coloured_pillars_altar, cheibriados_altar_1

Skill      XL: |  1  2  3  4  5 |
---------------+----------------+-----
Polearms       | 4 5 |  5.5
Charms         | 4 |  4.9
Dodging        | 3 4 |  4.0
Fighting       | |  2.1
Armour         | |  0.6
Spellcasting   | |  2.0

Action                   |  1- 3 |  4- 6 || total
-------------------------+-------+-------++-------
Melee: Spear             |   126 |   160 ||   286
 Cast: Infusion          |    10 |     4 ||    14
       Spectral Weapon   |     2 |     1 ||     3
       Shroud of Golubri |       |     3 ||     3
  Use: Scroll            |       |     4 ||     4
       Potion            |       |     2 ||     2
  Eat: Chunk             |     3 |     5 ||     8
Armor: Leather armour    |    25 |     4 ||    29
       Ring mail         |     6 |    38 ||    44
Dodge: Dodged            |    67 |    94 ||   161

Table legend:
 A = Non-vault XP
 B = Vault XP
 C = Vault XP percentage of total XP
 D = Non-vault monster count
 E = Vault monster count
 F = Vault count percentage of total count
                 A         B        C        D         E       F
            +---------+---------+-------+---------+---------+-------
      Total |     242 |       2 |   0.8 |      61 |       1 |   1.6
            +---------+---------+-------+---------+---------+-------
        D:1 |      22 |       0 |   0.0 |       8 |       0 |   0.0
        D:2 |      78 |       0 |   0.0 |      31 |       0 |   0.0
        D:3 |     128 |       2 |   1.5 |      21 |       1 |   4.5
        D:4 |      14 |       0 |   0.0 |       1 |       0 |   0.0
            +---------+---------+-------+---------+---------+-------
